Get step-by-step instructions on how to execute this build order below. Start the game timer, and the build order will tick by so you can play in parallel with StarCraft on a second screen or mobile device.

Game Time

  0:00

Last Step

  N/A

Next Step

  12  0:00  Probe  

Upcoming Step

  13  0:12  Probe  

Don't want to look back and forth between 2 screens? Try out our Overwolf App, the Spawning Tool Build Advisor to get an in-game overlay with this build!

Complete Build Order

  12  0:00  Probe  
  13  0:12  Probe  
  14  0:17  Pylon  
  14  0:24  Probe (Chrono Boost)  
  15  0:36  Probe (Chrono Boost)  
  15  0:38  Gateway  
  16  0:45  Probe (Chrono Boost)  
  16  0:46  Assimilator  
  17  0:50  Probe  
  18  1:03  Probe  
  19  1:15  Probe  
  20  1:25  Cybernetics Core  
  20  1:32  Nexus  
  20  1:35  Probe  
  21  1:41  Pylon  
  21  1:48  Assimilator  
  21  1:49  Probe  
  22  1:58  Adept (Chrono Boost)  
  22  2:01  Probe  
  23  2:02  Warp Gate  
  25  2:13  Probe  
  26  2:21  Adept  
  28  2:25  Probe  
  29  2:30  Robotics Facility  
  29  2:39  Probe (Chrono Boost)  
  29  2:41  Gateway  
  30  2:44  Probe (Chrono Boost)  
  30  2:51  Probe (Chrono Boost)  
  32  2:53  Stalker  
  32  2:54  Probe (Chrono Boost)  
  32  2:57  Probe (Chrono Boost)  
  36  3:00  Probe (Chrono Boost)  
  36  3:03  Probe  
  38  3:10  Probe  
  39  3:15  Probe  
  39  3:18  Observer (Chrono Boost)  
  41  3:20  Pylon  
  41  3:22  Probe  
  42  3:28  Probe  
  42  3:29  Warp Prism (Chrono Boost)  
  45  3:35  Probe  
  45  3:40  Probe  
  45  3:48  Probe  
  45  3:52  Probe  
  47  4:00  Probe  
  48  4:04  Stalker x2, Probe  
  48  4:08  Pylon  
  53  4:13  Nexus  
  53  4:16  Twilight Council  
  53  4:18  Forge  
  53  4:19  Probe  
  54  4:26  Probe, Pylon  
  54  4:30  Shield Battery  
  55  4:31  Probe  
  55  4:38  Probe, Pylon  
  56  4:39  Immortal (Chrono Boost)  
  61  4:46  Sentry x2  
  61  4:49  Charge (Chrono Boost)  
  61  4:50  Shield Battery  
  64  4:58  Gateway  
  64  5:00  Gateway  
  64  5:02  Protoss Ground Weapons Level 1 (Chrono Boost), Probe x2  
  66  5:09  Gateway  
  66  5:14  Probe  
  67  5:16  Probe  
  68  5:23  Immortal (Chrono Boost)  
  68  5:25  Probe  
  73  5:37  Probe  
  73  5:40  Stalker  
  76  5:47  Pylon  
  76  5:49  Probe  
  77  5:52  Shield Battery  
  77  5:54  Pylon  
  77  5:55  Probe x2, Immortal (Chrono Boost)  
  82  5:58  Gateway  
  82  6:02  Probe  
  83  6:04  Gateway x2, Zealot  
  83  6:07  Probe  
  83  6:08  Pylon  
  83  6:11  Zealot x2  
  90  6:12  Sentry  
  90  6:17  Zealot  
  94  6:20  Pylon  
  94  6:28  Probe  
  94  6:30  Probe x2  
  94  6:31  Assimilator, Immortal (Chrono Boost)  
  97  6:35  Assimilator  
  101  6:40  Probe  
  101  6:41  Pylon  
  101  6:42  Probe  
  101  6:43  Probe  
  104  6:51  Zealot x5  
  104  6:52  Probe  
  115  6:54  Probe  
  116  7:03  Zealot x3  
  122  7:18  Zealot x4, Pylon  
  126  7:25  Pylon  
  126  7:36  Pylon  
  126  7:39  Pylon  
  126  7:43  Zealot x4  
  132  7:48  Pylon  
  132  7:49  Nexus  
  124  7:52  Robotics Bay, Pylon  
  124  7:56  Zealot x4